 Dungeon Crawl Stone Soup version 0.25.0-9-g26727b657a (webtiles) character file.

Game seed: 9000302006905066766

78 Acheron the Sneak (level 4, -4/37 HPs)
             Began as a Hill Orc Assassin on June 19, 2020.
             Was an Initiate of Okawaru.
             Slain by Grinder (6 damage)
             ... on level 3 of the Dungeon.
             The game lasted 00:09:31 (1781 turns).

Acheron the Sneak (Hill Orc Assassin)               Turns: 1781, Time: 00:09:31

Health: -4/37      AC:  6    Str: 13    XL:     4   Next: 36%
Magic:  4/4        EV: 11    Int: 11    God:    Okawaru [......]
Gold:   114        SH:  0    Dex: 13    Spells: 3/3 levels left

rFire    . . .     SeeInvis .   w - +0 war axe
rCold    . . .     Gourm    .   (no shield)
rNeg     . . .     Faith    .   i - +0 ring mail
rPois    .         Spirit   .   (no helmet)
rElec    .         Reflect  .   c - +0 cloak
rCorr    .         Harm     .   (no gloves)
MR       .....                  (no boots)
Stlth    ++........             (no amulet)
HPRegen  0.12/turn              (no ring)
MPRegen  0.09/turn              (no ring)

@: no status effects
A: no striking features
a: Renounce Religion


You were on level 3 of the Dungeon.
You worshipped Okawaru.
Okawaru was noncommittal.
You were not hungry.

You visited 1 branch of the dungeon, and saw 4 of its levels.

You collected 114 gold pieces.

Inventory:

Hand Weapons
 a - a +2 dagger
 n - a +2 mace of protection
 w - a +0 war axe (weapon)
Missiles
 d - 37 poisoned darts (quivered)
 e - 2 curare-tipped darts
 o - 78 stones
 t - 10 sling bullets
Armour
 c - a +0 cloak (worn)
 i - a +0 ring mail (worn)
 q - a +0 kite shield
Jewellery
 l - an uncursed ring of protection from fire {unknown}
Scrolls
 b - 2 scrolls of fog {unknown}
 j - a scroll of random uselessness {unknown}
 r - 2 scrolls of enchant weapon {unknown}
 s - a scroll of teleportation {unknown}
Potions
 g - 2 potions of degeneration {unknown}
 k - a potion of stabbing {unknown}
 m - a potion of magic {unknown}
 p - a potion of cancellation {unknown}
Comestibles
 f - 4 rations
 h - 2 chunks of flesh


   Skills:
 * Level 2.6 Fighting
 + Level 2.0 Short Blades
 * Level 2.1 Axes
 + Level 1.7 Throwing
 * Level 1.2 Armour
 * Level 1.6 Dodging
 * Level 3.7 Stealth
 * Level 0.4 Shields
 * Level 0.4 Spellcasting
 * Level 0.1 Invocations


You had 3 spell levels left.
You didn't know any spells.
Your spell library was empty.

Dungeon Overview and Level Annotations

Branches:
Dungeon (4/15)
 Temple: D:4-7

Altars:
Cheibriados
Okawaru

Annotations:
D:3 Grinder


Message History

You are no longer poisoned.
The adder bites you. The adder barely misses you.
You completely miss the adder.
The adder is almost dead.
The adder bites you but does no damage. The adder bites you.
You slash the adder!
You kill the adder!
Okawaru accepts your kill. Grinder gestures at you.
Pain shoots through your body!
Grinder blinks!
You closely miss Grinder.
Grinder says, "FISH!"
Grinder hits you.
You writhe in agony.
You barely miss Grinder. Grinder gestures at you.
Pain shoots through your body!
* * * LOW HITPOINT WARNING * * *
Grinder hits you.
You die...

..# ##..##...####.# #..#
#.###...####.# #..#
#..........#.### #..######
######...............
#......)..###...............#.###
#................#.###...####....
....# #...........##...# ####.
....# #####.##5#.###...# #. #)#.#
#.##@#.# ##.## #. #.#.#
#.##.#.####.###### #. ..#.
#.##.............# #.
###.#########.####.####.####.# #.
# #.>.........# #†###...## #. #
###########.# #§....§..##.###. #
##.## #.# #####5..###..... #
##...## #.# ##.## ####..
#####.....###.# ### #..


You could see Grinder.

Vanquished Creatures
  2 adders
  A worm (D:3)
  2 leopard geckos
  7 orcs (D:3)
  6 bats
  2 giant cockroaches
  4 hobgoblins
  A jackal (D:3)
  A ball python (D:1)
  3 frilled lizards
  8 goblins
  3 kobolds
  8 rats
48 creatures vanquished.

Notes
Turn   | Place    | Note
-------+----------+-------------------------------------------
     0 | D:1      | Acheron the Hill Orc Assassin began the quest for the Orb.
     0 | D:1      | Reached XP level 1. HP: 18/18 MP: 1/1
     5 | D:1      | Noticed a spriggan
    12 | D:1      | Noticed a ghoul
    14 | D:1      | Noticed a gargoyle
    14 | D:1      | Noticed an elf
    16 | D:1      | Noticed a gargoyle
    16 | D:1      | Noticed a human
   200 | D:1      | Reached skill level 1 in Dodging
   283 | D:1      | Reached XP level 2. HP: 25/25 MP: 2/2
   780 | D:3      | Reached XP level 3. HP: 28/30 MP: 3/3
  1331 | D:2      | Found a snail-covered altar of Cheibriados.
  1343 | D:2      | Reached skill level 1 in Axes
  1506 | D:2      | Found an iron altar of Okawaru.
  1510 | D:2      | Reached skill level 1 in Armour
  1510 | D:2      | Reached XP level 4. HP: 37/37 MP: 4/4
  1513 | D:2      | Became a worshipper of Warmaster Okawaru
  1747 | D:3      | Noticed Grinder
  1749 | D:3      | Paralysed by Grinder for 6 turns
  1781 | D:3      | Slain by Grinder

Illustrated notes

Levels and vault maps discovered:
D:1:      shiori_arrival_whats_in_store_for_you, layout_loops_ring
D:2:      layout_basic, old_standard_altar, gammafunk_temple_overflow_claw,
          minivault_24, cheibriados_altar_1
D:3:      layout_loops_ring, first_ration, st_stairs_13, uniq_grinder
D:4:      mumra_celtic_spiral_tile, layout_rooms, lemuel_doored_altar

Skill      XL: |  1  2  3  4 |
---------------+-------------+-----
Dodging        | 1 |  1.6
Axes           | 1 2 |  2.1
Armour         | 1 |  1.2
Fighting       | |  2.6
Short Blades   | |  2.0
Throwing       | |  1.7
Stealth        | |  3.7
Shields        | |  0.4
Spellcasting   | |  0.4
Invocations    | |  0.1

Action                   |  1- 3 |  4- 6 || total
-------------------------+-------+-------++-------
Melee: Dagger            |    70 |       ||    70
       War axe           |    63 |    38 ||   101
  Use: Scroll            |     3 |       ||     3
 Stab: Sleeping          |     4 |       ||     4
       Distracted        |       |     1 ||     1
  Eat: Chunk             |     2 |     1 ||     3
Armor: Ring mail         |    67 |    19 ||    86
       Robe              |     1 |       ||     1
Dodge: Dodged            |    78 |    29 ||   107
